 Dungeon Crawl Stone Soup version 0.21.1-1-g345015f (webtiles) character file.

360 Goblin1989 the Changer (level 6, -3/38 HPs)
             Began as an Octopode Transmuter on Mar 16, 2018.
             Slain by a yak (10 damage)
             ... on level 4 of the Dungeon.
             The game lasted 00:10:30 (4754 turns).

Goblin1989 the Changer (Octopode Transmuter)        Turns: 4754, Time: 00:10:31

Health: -3/38      AC:  1    Str: 10    XL:     6   Next: 65%
Magic:  10/10      EV: 13    Int: 17    God:
Gold:   262        SH:  0    Dex: 12    Spells: 5/11 levels left

rFire    . . .     SeeInvis .     - Unarmed
rCold    + . .     Gourm    .   (no shield)
rNeg     . . .     Faith    .   (helmet restricted)
rPois    .         Spirit   .   (no amulet)
rElec    .         Reflect  .   c - ring of protection from cold
rCorr    .         Harm     .   (no ring)
MR       .....                  (no ring)
Stlth    +++.......             (no ring)
HPRegen  0.12/turn              (no ring)
MPRegen  0.12/turn              (no ring)
                                (no ring)
                                (no ring)

@: no status effects
A: almost no armour, stealthy swim, amphibious, 8 rings, constrict 8, camouflage
1, gelatinous body 1
a: no special abilities


You were on level 4 of the Dungeon.
You were hungry.

You visited 1 branch of the dungeon, and saw 4 of its levels.

You collected 262 gold pieces.

Inventory:

Hand Weapons
 x - a +0 hunting sling
Missiles
 a - 48 arrows
 y - 72 stones (quivered) {@Q3}
Armour
 o - a +0 buckler
Jewellery
 c - a ring of protection from cold (left tentacle)
Scrolls
 k - a scroll of fog {unknown}
 n - 4 scrolls of remove curse {@r2}
 s - a scroll of immolation {unknown}
 v - a scroll of teleportation {unknown}
 z - a scroll of enchant armour {unknown}
 C - a scroll of amnesia {unknown}
 R - 3 scrolls of identify {@r1}
Potions
 g - a potion of flight {unknown}
 h - a potion of curing {unknown}
 i - a potion of resistance
 j - a potion of mutation {unknown}
 l - a potion of haste {unknown}
 r - 2 potions of heal wounds {@q2, !q}
 t - a potion of lignification {unknown}
 u - a potion of cancellation {unknown}
 B - a potion of agility
Books
 b - a book of Changes

   Spells                             Type                      Level
   a - Beastly Appendage              Transmutation                1
   b - Sticks to Snakes               Transmutation                2
   c - Spider Form                    Transmutation/Poison         3
   d - Ice Form                       Ice/Transmutation            4
   e - Blade Hands                    Transmutation                5
Comestibles
 e - 9 rations
 D - 3 chunks of flesh


   Skills:
 + Level 1.5 Fighting
 + Level 2.4 Dodging
 + Level 3.3 Stealth
 + Level 1.1 Shields
 * Level 3.5 Unarmed Combat
 + Level 3.0 Spellcasting
 * Level 4.3 Transmutations
 + Level 2.1 Poison Magic


You had 5 spell levels left.
You knew the following spells:

 Your Spells              Type           Power        Failure   Level  Hunger
a - Beastly Appendage     Tmut           ###...       3%          1    None
b - Sticks to Snakes      Tmut           ###.....     4%          2    ##.....
c - Spider Form           Tmut/Pois      ##........   14%         3    ###....


Dungeon Overview and Level Annotations

Branches:
Dungeon (4/15)
 Temple: D:4-7

Altars:
Okawaru


Innate Abilities, Weirdness & Mutations

You cannot wear most types of armour.
You are very stealthy in the water. (Stealth+)
You are amphibious.
You can wear up to eight rings at the same time.
You can use your tentacles to constrict eight enemies at once.
Your skin changes colour to match your surroundings (Stealth+).
Your rubbery body absorbs attacks. (AC +1, EV +1)


Message History

Unknown command.
You can't memorise that many levels of magic yet!
Unknown command.
y - 72 stones {@Q3} (gained 17) 2 yaks come into view.
The yak bellows!
There are monsters nearby!
There are monsters nearby!
An adder and a yak come into view.
You see here a club.
The yak bellows!
The adder hisses angrily.
The yak bellows!
You hear an angry hiss.
A frilled lizard comes into view.
You see here a club.
Casting: Sticks to Snakes
Confirm with . or Enter, or press ? or * to list all spells.
You turn into a venomous arachnid creature.
You now have 6/9 mp.
Unknown command.
You hit the yak but do no damage.
The yak is poisoned.
The yak misses you.
You hit the yak.
The yak looks as sick as possible!
The yak is lightly wounded.
The yak gores you!
You take 12 damage, and have 21/33 hp.
MASSIVE DAMAGE!!
You hit the yak.
The yak looks as sick as possible!
The yak is moderately wounded.
The yak gores you!
* * * LOW HITPOINT WARNING * * *
You are too injured to fight recklessly!
You take 9 damage, and have 12/33 hp.
MASSIVE DAMAGE!!
You are too injured to fight recklessly!
You are too injured to fight recklessly!
You are too injured to fight recklessly!
You are too injured to fight recklessly!
You are too injured to fight recklessly!
You are too injured to fight recklessly!
You are too injured to fight recklessly!
You are too injured to fight recklessly!
You are too injured to fight recklessly!
You are too injured to fight recklessly!
You are too injured to fight recklessly!
You are too injured to fight recklessly!
You are too injured to fight recklessly!
You are too injured to fight recklessly!
You are too injured to fight recklessly!
You are too injured to fight recklessly!
You barely miss the yak.
The yak is heavily wounded.
The yak barely misses you.
Your transformation is almost over.
You hit the yak.
The yak looks as sick as possible!
The yak is almost dead.
The yak completely misses you.
You hit the yak but do no damage.
The yak looks as sick as possible!
The yak is almost dead.
The yak misses you.
You hit the yak.
You kill the yak!
Your Stealth skill increases to level 3!
Your Shields skill increases to level 1!
Your Spellcasting skill increases to level 3!
Your Poison Magic skill increases to level 2!
You have reached level 6!
Your experience leads to an increase in your attributes!
Your base attributes are Str 10, Int 16, Dex 12.
Increase (S)trength, (I)ntelligence, or (D)exterity?
You feel clever.
You regained 3 hp, and now have 16/38 hp.
You hit the adder.
The adder is poisoned.
The adder is lightly wounded.
The adder barely misses you. x2
You hit the adder.
The adder looks as sick as possible!
The adder is moderately wounded.
The adder misses you.
Unknown command.
The adder bites you but does no damage.
You kill the adder!
Your transformation has ended.
You are feeling hungry.
There is a stone staircase leading up here.
Unknown command.
You can't go up here!
The yak barely misses you.
As you read the scroll labeled UXOSAT SARGHYMM, it crumbles to dust.
It is a scroll of identify.
i - a potion of resistance;
R - 3 scrolls of identify The frilled lizard completely misses you.
The yak closely misses you.
You closely miss the frilled lizard. Your grab misses the frilled lizard.
The frilled lizard misses you. The yak gores you!
* * * LOW HITPOINT WARNING * * *
The yak completely misses you.
You take 8 damage, and have 9/38 hp.
MASSIVE DAMAGE!!
Unknown command.
As you read the scroll labeled JIDDEE IGRA, it crumbles to dust.
You feel blessed for a moment.
It was a scroll of remove curse.
The frilled lizard bites you.
* * * LOW HITPOINT WARNING * * *
The yak gores you!
You die... █Y█

█.█ █)█
█████████.████.
█....Y.lY......
█l█.██████.███.
██████████Y█.█
.█
█.....Y.██.███
.█ ████.██@██.█
.. █....Yl██.█
██ ██████..l.█


██████ You could see 2 yaks and a frilled lizard.

Vanquished Creatures
  A yak (D:4)
  7 adders
  3 worms
  A dart slug (D:2)
  2 leopard geckos
  8 orcs (D:3)
  5 ball pythons
  4 giant cockroaches
  9 goblins
  7 hobgoblins
  8 jackals
  4 quokkas
  6 bats
  3 frilled lizards
  10 kobolds
  A rat (D:1)
79 creatures vanquished.

Vanquished Creatures (collateral kills)
  An ice beast (D:3)
1 creature vanquished.

Grand Total: 80 creatures vanquished

Notes
Turn   | Place    | Note
-------+----------+-------------------------------------------
     0 | D:1      | Goblin1989 the Octopode Transmuter began the quest for the Orb.
     0 | D:1      | Reached XP level 1. HP: 13/13 MP: 3/3
    56 | D:1      | Reached XP level 2. HP: 15/18 MP: 3/5
   102 | D:1      | Learned a level 2 spell: Sticks to Snakes
   897 | D:2      | Reached skill level 1 in Stealth
   897 | D:2      | Reached skill level 3 in Transmutations
   897 | D:2      | Reached XP level 3. HP: 19/23 MP: 6/6
   930 | D:2      | Learned a level 3 spell: Spider Form
  1614 | D:2      | Reached XP level 4. HP: 22/28 MP: 7/7
  1738 | D:2      | Reached skill level 1 in Poison Magic
  2381 | D:3      | Noticed an ice beast
  2801 | D:3      | HP: 1/28 [ice beast (4)]
  3275 | D:3      | Found an iron altar of Okawaru.
  3323 | D:3      | Reached XP level 5. HP: 25/33 MP: 9/9
  3650 | D:3      | Killed an ice beast
  4119 | D:3      | Reached skill level 4 in Transmutations
  4715 | D:4      | Noticed a yak
  4715 | D:4      | Noticed a yak
  4717 | D:4      | Noticed a yak
  4738 | D:4      | Killed a yak
  4738 | D:4      | Reached skill level 1 in Shields
  4738 | D:4      | Reached XP level 6. HP: 15/38 MP: 8/10
  4754 | D:4      | Slain by a yak

Skill      XL: |  1  2  3  4  5 |
---------------+----------------+-----
Stealth        | 1 2 3 |  3.3
Transmutations | 3 4 |  4.3
Poison Magic   | 1 2 |  2.1
Shields        | 1 |  1.1
Spellcasting   | 3 |  3.0
Fighting       | |  1.5
Dodging        | |  2.4
Unarmed Combat | |  3.5

Action                   |  1- 3 |  4- 6 || total
-------------------------+-------+-------++-------
Melee: Unarmed           |    78 |   127 ||   205
       Kick              |     4 |     1 ||     5
       Constrict         |    19 |    34 ||    53
       Tentacles         |     9 |    18 ||    27
       Punch             |       |     4 ||     4
 Cast: Beastly Appendage |     1 |     1 ||     2
       Spider Form       |     2 |     2 ||     4
       Sticks to Snakes  |     1 |     7 ||     8
  Use: Potion            |       |     1 ||     1
       Scroll            |       |     2 ||     2
 Stab: Sleeping          |     4 |     2 ||     6
  Eat: Chunk             |     2 |     7 ||     9
       Ration            |       |     1 ||     1
Armor: Skin              |     5 |     5 ||    10
Dodge: Dodged            |    46 |    94 ||   140

Vault maps used:
D:1:      giann_wishing_wells
D:2:      minmay_heptomino_d4
D:3:      lemuel_round_altar, minmay_shallow_snake_nest
D:4:      grunt_temple_overflow_cloverleaf, temple_hall, serial_shops, shop
